 Dungeon Crawl Stone Soup version 0.25-a0-635-g0c6c292ef3 (webtiles) character file.

Game seed: 2243131865434601726, levelgen mode: classic

256950 EnegeticOcto the Crack Shot (level 18, -16/168 HPs)
             Began as a Centaur Gladiator on Mar 20, 2020.
             Was a High Priest of Okawaru.
             Shot themself with an arrow (17 damage)
             ... on level 1 of the Depths.
             The game lasted 00:44:56 (29801 turns).

EnegeticOcto the Crack Shot (Centaur Gladiator)    Turns: 29801, Time: 00:44:57

Health: -16/168    AC: 36    Str: 33    XL:     18   Next: 60%
Magic:  16/24      EV: 14    Int:  6    God:    Okawaru [*****.]
Gold:   986        SH:  0    Dex:  9    Spells: 17/17 levels left

rFire    + + .     SeeInvis +   a - +7 longbow of Fee Simple {freeze, rC+ Str+4}
rCold    + . .     Gourm    .   (shield currently unavailable)
rNeg     + . .     Faith    .   X - quicksilver dragon scales of the Hidden Vale {MR+ Str+4}
rPois    +         Spirit   .   L - +2 helmet {SInv}
rElec    +         Reflect  .   F - +2 ratskin cloak {+Rats rPois rN+ Str-1 Int-1 Dex+1}
rCorr    .         Harm     .   G - +2 pair of gloves
MR       +++++                  M - +4 centaur barding {rF+}
Stlth    ++........             B - amulet of regeneration
HPRegen  0.78/turn              S - ring of protection from fire
MPRegen  0.19/turn              R - ring "Ilipirad" {rElec rPois MR++ Dex-2 SInv}

@: lethally poisoned (-16 -> -17), heroism, finesse, very quick
A: large, hooves 3, blurry vision 1, deformed body, speed 2, magic resistance 1,
tough skin 3, MP-powered wands
}: 3/15 runes: decaying, serpentine, slimy
a: Heroism, Finesse, Renounce Religion, Evoke Ratskin


You were on level 1 of the Depths.
You worshipped Okawaru.
Okawaru was extremely pleased with you.
You were very full.

You visited 8 branches of the dungeon, and saw 38 of its levels.
You also visited: Sewer, Gauntlet and Volcano.

You collected 3657 gold pieces.
You spent 2671 gold pieces at shops.

Inventory:

Hand Weapons
 a - the +7 longbow of Fee Simple (weapon) {freeze, rC+ Str+4}
   (Okawaru gifted it to you on level 1 of the Lair of Beasts)

   It causes projectiles fired from it to freeze those they strike, causing
   extra injury to most foes and up to half again as much damage against
   particularly susceptible opponents.
   They can also slow down cold-blooded creatures.
   It affects your strength (+4).
   It protects you from cold.
Missiles
 d - 7 throwing nets
 g - 575 arrows (quivered)
 W - 8 curare-tipped darts
Armour
 F - the +2 ratskin cloak (worn) {+Rats rPois rN+ Str-1 Int-1 Dex+1}
   (You found it on level 5 of the Dungeon)

   It affects your strength (-1).
   It affects your intelligence (-1).
   It affects your dexterity (+1).
   It protects you from poison.
   It protects you from negative energy.
 G - a +2 pair of gloves (worn)
 L - a +2 helmet of see invisible (worn)
 M - a +4 centaur barding of fire resistance (worn)
 X - the quicksilver dragon scales of the Hidden Vale (worn) {MR+ Str+4}
   (You bought it in a shop on level 11 of the Dungeon)

   It affects your strength (+4).
   It affects your resistance to hostile enchantments.
 Y - a +0 plate armour
Jewellery
 q - an uncursed ring of resist corrosion
 B - an amulet of regeneration (around neck)
 D - the ring "Niocued" {Ice +Inv Str+2 Int+2}
   (You found it on level 5 of the Pits of Slime)

   [ring of ice]

   It enhances your ice magic.
   It affects your strength (+2).
   It affects your intelligence (+2).
   It makes you vulnerable to fire.
   It protects you from cold.
   It lets you turn invisible.
 R - the ring "Ilipirad" (right hand) {rElec rPois MR++ Dex-2 SInv}
   (You acquired it on level 2 of the Snake Pit)

   [ring of see invisible]

   It affects your dexterity (-2).
   It insulates you from electricity.
   It protects you from poison.
   It affects your resistance to hostile enchantments.
   It lets you see invisible.
 S - a ring of protection from fire (left hand)
Wands
 f - a wand of acid (19) {@v1}
 i - a wand of digging (8) {@v2}
 r - a wand of enslavement (25)
 s - a wand of clouds (2)
 H - a wand of flame (72)
 I - a wand of iceblast (26)
 N - a wand of paralysis (8)
 U - a wand of disintegration (8)
Scrolls
 b - 7 scrolls of enchant weapon
 c - a scroll of holy word
 h - 21 scrolls of remove curse {@r6}
 u - 2 scrolls of enchant armour
 v - 8 scrolls of fog
 w - 4 scrolls of magic mapping {@r5}
 x - 18 scrolls of teleportation {@r2}
 y - 2 scrolls of identify {@r1}
 E - 3 scrolls of fear
 J - 3 scrolls of blinking {@r3}
Potions
 j - 6 potions of stabbing {@q5}
 k - 7 potions of might {@q3}
 l - 4 potions of flight
 m - 6 potions of resistance {@q6}
 o - 6 potions of ambrosia
 p - 13 potions of curing {@q1}
 t - 5 potions of magic
 z - 7 potions of heal wounds {@q2}
 A - 3 potions of lignification {@q7}
 K - 3 potions of invisibility
 Q - 3 potions of berserk rage
 T - 3 potions of cancellation
Miscellaneous
 C - a lamp of fire (inert)
 O - a fan of gales
Comestibles
 e - 37 rations


   Skills:
 * Level 16.6(21.6) Fighting
   Level 6.2(11.2) Axes
 - Level 22.0(27) Bows
 - Level 2.1(7.1) Throwing
 + Level 11.5(16.5) Armour
 + Level 11.8(16.8) Dodging
 - Level 9.0 Invocations
 - Level 5.0 Evocations


You had 17 spell levels left.
You didn't know any spells.
Your spell library was empty.

Dungeon Overview and Level Annotations

Branches:
Dungeon (15/15)            Temple (1/1) D:6            Lair (6/6) D:9
  Swamp (4/4) Lair:4        Snake (4/4) Lair:4        Slime (5/5) Lair:6
    Orc (1/2) D:12         Vaults (0/5) D:14         Depths (2/5) D:15
  Sewer (visited)         Volcano (visited)         Gauntlet (visited)

Altars:
Ashenzari
Cheibriados
Dithmenos
Gozag
Makhleb
Nemelex Xobeh
Okawaru
Qazlal
Ru
Trog
Uskayaw
Vehumet
Wu Jian
Xom
Zin
The Shining One
Jiyva

Shops:
D:6 *   D:8 [   D:9 [   D:10 :   D:11 *[

Annotations:
D:4 1 runed translucent door
D:14 3 runed translucent doors, Ukogguipp's ghost, journeyman DDFi
Lair:1 exclusion: oklob plant
Lair:6 1 exclusion
Orc:1 Josephine
Depths:1 the Enchantress


Innate Abilities, Weirdness & Mutations

You have hooves in place of feet.
Armour fits poorly on your strangely shaped body.
You cover ground very quickly.
You have extremely tough skin. (AC +3)
Scrolls take you a little longer to read.
You are resistant to hostile enchantments. (MR+)
You expend magic power (3 MP) to strengthen your wands.


Message History

Evoke which item? (* to show all) (? for menu, Esc to quit)
Aiming: Cloud Cone
Press: ? - help, Dir - move target cursor, f/p - the Enchantress
Aim: the Enchantress, wielding a +0 rapier of venom, wearing the +7 faerie dragon scales {*Drain rN+ rCorr Int+4 Dex+4} and wearing a +0 buckler of reflection (deflecting missiles)
You feel a surge of power!
You create a blast of poison gas!
The Enchantress is engulfed in poison gas.
The Enchantress is poisoned.
The Enchantress hits you with a +0 rapier of venom.
Firing (i - inventory. (/) - cycle)
g - 588 arrows (quivered)
Press: ? - help, Shift-Dir - straight line, f/p - the Enchantress
Aim: the Enchantress, wielding a +0 rapier of venom, wearing the +7 faerie dragon scales {*Drain rN+ rCorr Int+4 Dex+4} and wearing a +0 buckler of reflection (poison gas, lightly wounded, poisoned, deflecting missiles)
You shoot an arrow.
The Enchantress reflects the arrow off her +0 buckler of reflection!
The arrow hits you but does no damage.
Firing (i - inventory. (/) - cycle)
g - 587 arrows (quivered)
Press: ? - help, Shift-Dir - straight line, f/p - the Enchantress
Aim: the Enchantress, wielding a +0 rapier of venom, wearing the +7 faerie dragon scales {*Drain rN+ rCorr Int+4 Dex+4} and wearing a +0 buckler of reflection (poison gas, lightly wounded, poisoned, deflecting missiles)
You shoot an arrow.
The arrow hits the Enchantress but does no damage.
The Enchantress is lightly wounded.
Firing (i - inventory. (/) - cycle)
g - 586 arrows (quivered)
Press: ? - help, Shift-Dir - straight line, f/p - the Enchantress
Aim: the Enchantress, wielding a +0 rapier of venom, wearing the +7 faerie dragon scales {*Drain rN+ rCorr Int+4 Dex+4} and wearing a +0 buckler of reflection (poison gas, lightly wounded, poisoned, deflecting missiles)
You shoot an arrow.
The arrow completely misses the Enchantress.
The Enchantress is engulfed in poison gas.
The Enchantress looks even sicker.
The Enchantress hits you but does no damage.
You are more poisoned.
Firing (i - inventory. (/) - cycle)
g - 585 arrows (quivered)
Press: ? - help, Shift-Dir - straight line, f/p - the Enchantress
Aim: the Enchantress, wielding a +0 rapier of venom, wearing the +7 faerie dragon scales {*Drain rN+ rCorr Int+4 Dex+4} and wearing a +0 buckler of reflection (poison gas, lightly wounded, very poisoned, deflecting missiles)
You shoot an arrow. The arrow hits the Enchantress!
The arrow freezes the Enchantress.
The Enchantress is moderately wounded.
Firing (i - inventory. (/) - cycle)
g - 584 arrows (quivered)
Press: ? - help, Shift-Dir - straight line, f/p - the Enchantress
Aim: the Enchantress, wielding a +0 rapier of venom, wearing the +7 faerie dragon scales {*Drain rN+ rCorr Int+4 Dex+4} and wearing a +0 buckler of reflection (poison gas, moderately wounded, very poisoned, deflecting missiles)
You shoot an arrow. The Enchantress deflects the arrow!
You feel sick.
Firing (i - inventory. (/) - cycle)
g - 583 arrows (quivered)
Press: ? - help, Shift-Dir - straight line, f/p - the Enchantress
Aim: the Enchantress, wielding a +0 rapier of venom, wearing the +7 faerie dragon scales {*Drain rN+ rCorr Int+4 Dex+4} and wearing a +0 buckler of reflection (poison gas, moderately wounded, very poisoned, deflecting missiles)
You shoot an arrow.
The Enchantress reflects the arrow off her +0 buckler of reflection!
The arrow hits you! The arrow freezes you.
The Enchantress is engulfed in poison gas.
The Enchantress looks even sicker.
The Enchantress barely misses you.
Firing (i - inventory. (/) - cycle)
g - 582 arrows (quivered)
Press: ? - help, Shift-Dir - straight line, f/p - the Enchantress
Aim: the Enchantress, wielding a +0 rapier of venom, wearing the +7 faerie dragon scales {*Drain rN+ rCorr Int+4 Dex+4} and wearing a +0 buckler of reflection (poison gas, moderately wounded, very poisoned, deflecting missiles)
You shoot an arrow.
The Enchantress reflects the arrow off her +0 buckler of reflection!
The arrow hits you.
Firing (i - inventory. (/) - cycle)
g - 581 arrows (quivered)
Press: ? - help, Shift-Dir - straight line, f/p - the Enchantress
Aim: the Enchantress, wielding a +0 rapier of venom, wearing the +7 faerie dragon scales {*Drain rN+ rCorr Int+4 Dex+4} and wearing a +0 buckler of reflection (poison gas, moderately wounded, very poisoned, deflecting missiles)
You shoot an arrow.
The arrow completely misses the Enchantress.
Firing (i - inventory. (/) - cycle)
g - 580 arrows (quivered)
Press: ? - help, Shift-Dir - straight line, f/p - the Enchantress
Aim: the Enchantress, wielding a +0 rapier of venom, wearing the +7 faerie dragon scales {*Drain rN+ rCorr Int+4 Dex+4} and wearing a +0 buckler of reflection (poison gas, moderately wounded, very poisoned, deflecting missiles)
You shoot an arrow. The Enchantress deflects the arrow!
The Enchantress is engulfed in poison gas.
The Enchantress looks as sick as possible!
The Enchantress hits you but does no damage.
Firing (i - inventory. (/) - cycle)
g - 579 arrows (quivered)
Press: ? - help, Shift-Dir - straight line, f/p - the Enchantress
Aim: the Enchantress, wielding a +0 rapier of venom, wearing the +7 faerie dragon scales {*Drain rN+ rCorr Int+4 Dex+4} and wearing a +0 buckler of reflection (poison gas, moderately wounded, extremely poisoned, deflecting missiles)
You shoot an arrow.
The Enchantress reflects the arrow off her +0 buckler of reflection!
The arrow closely misses you.
You feel sick.
Firing (i - inventory. (/) - cycle)
g - 578 arrows (quivered)
Press: ? - help, Shift-Dir - straight line, f/p - the Enchantress
Aim: the Enchantress, wielding a +0 rapier of venom, wearing the +7 faerie dragon scales {*Drain rN+ rCorr Int+4 Dex+4} and wearing a +0 buckler of reflection (poison gas, moderately wounded, extremely poisoned, deflecting missiles)
You shoot an arrow.
The Enchantress reflects the arrow off her +0 buckler of reflection!
The arrow misses you.
Firing (i - inventory. (/) - cycle)
g - 577 arrows (quivered)
Press: ? - help, Shift-Dir - straight line, f/p - the Enchantress
Aim: the Enchantress, wielding a +0 rapier of venom, wearing the +7 faerie dragon scales {*Drain rN+ rCorr Int+4 Dex+4} and wearing a +0 buckler of reflection (poison gas, moderately wounded, extremely poisoned, deflecting missiles)
You shoot an arrow.
The arrow completely misses the Enchantress.
The Enchantress is engulfed in poison gas.
The Enchantress looks as sick as possible!
The Enchantress hits you but does no damage.
Firing (i - inventory. (/) - cycle)
g - 576 arrows (quivered)
Press: ? - help, Shift-Dir - straight line, f/p - the Enchantress
Aim: the Enchantress, wielding a +0 rapier of venom, wearing the +7 faerie dragon scales {*Drain rN+ rCorr Int+4 Dex+4} and wearing a +0 buckler of reflection (poison gas, heavily wounded, extremely poisoned, deflecting missiles)
You shoot an arrow.
The Enchantress reflects the arrow off her +0 buckler of reflection!
The arrow hits you! The arrow freezes you.
Firing (i - inventory. (/) - cycle)
g - 575 arrows (quivered)
Press: ? - help, Shift-Dir - straight line, f/p - the Enchantress
Aim: the Enchantress, wielding a +0 rapier of venom, wearing the +7 faerie dragon scales {*Drain rN+ rCorr Int+4 Dex+4} and wearing a +0 buckler of reflection (poison gas, heavily wounded, extremely poisoned, deflecting missiles)
You shoot an arrow.
The Enchantress reflects the arrow off her +0 buckler of reflection!
The arrow hits you!!!!
* * * LOW HITPOINT WARNING * * *
The arrow freezes you!
You die...

... #.......# ..).
#..###((###(.###..### .
(....#.(.(...#....?....
(.....^.(###.#...###...
...(((.<.(((.........(.
#..(#.(.###.......###( .
#.#(#[#)#$........# ...
# #(#)#(#.........#(....
#.(.#.(.......@§......
..(...........§i§§....
...............§§§§§..
.(...#((........§§§§§..
.....###...[.#.#..§§#☼##
###############


You could see the Enchantress.

Vanquished Creatures
  the Royal Jelly (Slime:5)
  Mara (Depths:1)
  Jorgrun (D:13)
  Rupert (D:14)
  16 acid blobs
  A thorn hunter (Swamp:4)
  Agnes (D:14)
  Kirke (Lair:4)
  12 azure jellies
  6 nagarajas
  3 spriggan defenders (Depths:2)
  2 stone giants (D:15)
  Nessos (Lair:4)
  A minotaur (Gauntlet)
  An ettin (Depths:1)
  A fire dragon (Depths:1)
  A yaktaur captain (Depths:2)
  12 death oozes
  2 great orbs of eyes (Slime:5)
  10 naga warriors
  Harold (D:11)
  A spriggan air mage (Depths:2)
  A ghost crab (Swamp:4)
  26 hydras
  A catoblepas (D:15)
  A rakshasa (Depths:1)
  Erica (D:8)
  5 centaur warriors
  3 alligators (Swamp:4)
  An ogre mage (D:14)
  5 anacondas
  A death knight (D:14)
  A tengu warrior (Depths:1)
  7 two-headed ogres
  A vampire mage (D:15)
  7 death yaks
  Urug (D:11)
  6 shock serpents
  13 naga sharpshooters
  Sonja (Lair:4)
  A skeletal warrior (D:15)
  3 sixfirhies (Gauntlet)
  2 unseen horrors
  8 swamp dragons (Swamp:4)
  Pikel (D:5)
  A spriggan druid (Swamp:4)
  9 naga ritualists
  A wizard (D:14)
  An orc knight (D:14)
  5 mana vipers
  4 lindwurms (D:9)
  A necromancer (D:15)
  An iron dragon zombie (D:15)
  2 wolf spider zombies (D:15)
  7 salamanders
  A salamander (shapeshifter) (D:15)
  3 shining eyes
  A stone giant zombie (D:15)
  3 manticores
  2 cyclopes
  52 slime creatures
  3 centaur zombies
  2 guardian serpents
  Joseph (D:13)
  21 naga magi
  29 black mambas
  6 gargoyles
  6 eyes of devastation
  A torpor snail (Lair:6)
  Maurice (D:9)
  14 spiny frogs
  5 kobold demonologists
  A yaktaur (Depths:1)
  An efreet (D:15)
  4 rime drakes
  4 komodo dragons
  2 trolls
  A guardian mummy (D:15)
  4 tengu conjurers
  4 tyrant leeches
  3 hornets
  A polar bear (Lair:5)
  Prince Ribbit (D:8)
  22 blink frogs
  A fire dragon zombie (D:15)
  4 bog bodies
  An ice dragon zombie (D:15)
  8 dream sheep
  5 hippogriffs
  A meliai zombie (D:14)
  A centaur simulacrum (D:14)
  2 spriggans (Swamp:3)
  A shadow (D:14)
  A vampire (D:12)
  3 hogs (Lair:4)
  A wyvern (Lair:3)
  4 wraiths
  Grum (D:11)
  21 yaks
  3 basilisks
  16 humans (D:14)
  Eustachio (D:5)
  A fire bat (Volcano)
  6 golden eyes (Slime:2)
  2 vampire mosquitoes (Swamp:4)
  Menkaure (D:5)
  A hungry ghost (D:14)
  2 steam dragons
  3 insubstantial wisps (Swamp:2)
  5 swamp worms
  A soldier ant (D:14)
  44 nagas
  8 water moccasins
  2 hell hounds (Volcano)
  3 acid dragons (D:15)
  6 porcupines
  2 floating eyes (Slime:5)
  3 sky beasts
  6 swamp drakes (Swamp:4)
  An ice beast (D:5)
  A black bear (D:12)
  15 orc warriors
  2 slaves (D:5)
  5 ogres
  6 eyes of draining
  16 wolves
  4 phantoms
  14 crocodiles
  19 centaurs
  2 big kobolds (D:10)
  18 bullfrogs
  A gnoll sergeant (D:8)
  4 earth elementals
  A wyvern skeleton (D:14)
  4 killer bees (D:9)
  A scorpion (D:14)
  A water moccasin skeleton (D:11)
  2 howler monkeys
  20 wights
  An electric eel (Lair:4)
  7 crimson imps
  A bullfrog zombie (D:10)
  4 centaur skeletons
  9 hounds
  7 orc priests
  2 jellies (D:10)
  2 bullfrog skeletons
  Ijyb (D:5)
  5 iguanas
  24 orc wizards
  15 worker ants
  Natasha (D:3)
  3 hell rats (D:5)
  A hound skeleton (D:4)
  4 worker ant zombies
  8 gnolls
  23 adders
  4 river rats (D:5)
  7 shadow imps
  3 oozes
  2 adder zombies
  3 worms
  4 dart slugs
  5 leopard geckos
  72 orcs
  6 giant cockroaches
  6 goblins
  5 hobgoblins
  6 jackals
  8 kobolds
  7 quokkas
  12 ball pythons
  A ball python skeleton (D:4)
  6 bats
  6 frilled lizards
  2 quokka zombies
  46 rats
  A demonic plant (Gauntlet)
1043 creatures vanquished.

Vanquished Creatures (others)
  A naga warrior (Snake:4)
  A tyrant leech (Depths:1)
  4 dream sheep (Lair:3)
  A slave (D:5)
  4 demonic plants (Gauntlet)
  4 fungi
  6 plants (Lair:5)
21 creatures vanquished.

Grand Total: 1064 creatures vanquished

Notes
Turn   | Place    | Note
-------+----------+-------------------------------------------
     0 | D:1      | EnegeticOcto the Centaur Gladiator began the quest for the
                  | Orb.
     0 | D:1      | Reached XP level 1. HP: 17/17 MP: 1/1
   105 | D:1      | Reached XP level 2. HP: 23/24 MP: 2/2
   807 | D:2      | Reached XP level 3. HP: 25/30 MP: 3/3
  1477 | D:2      | Reached skill level 1 in Armour
  1477 | D:2      | Reached XP level 4. HP: 27/37 MP: 4/4
  1997 | D:3      | Noticed Natasha
  2008 | D:3      | Killed Natasha
  2217 | D:3      | Reached XP level 5. HP: 44/44 MP: 5/5
  2411 | D:3      | Found an opulent altar of Gozag.
  3100 | D:4      | Reached XP level 6. HP: 49/51 MP: 6/6
  3352 | D:4      | Got a fine ring mail
  3363 | D:4      | Identified the +1 ring mail "Lirghil" {*Drain rPois rC+
                  | Dex+3} (You found it on level 4 of the Dungeon)
  3402 | D:4      | Reached skill level 5 in Axes
  3405 | D:4      | Reached XP level 7. HP: 56/58 MP: 7/7
  3539 | D:4      | Found a glowing silver altar of Zin.
  3539 | D:4      | Found a runed translucent door.
  3539 | D:4      | Noticed an angel
  3975 | D:5      | Entered Level 5 of the Dungeon
  3975 | D:5      | Noticed a two-headed ogre
  4050 | D:5      | Noticed Menkaure
  4062 | D:5      | Killed Menkaure
  4149 | D:5      | Found a glowing drain.
  4153 | Sewer    | Entered a sewer
  4444 | Sewer    | Reached XP level 8. HP: 52/67 MP: 8/8
  4553 | D:5      | Noticed Ijyb
  4562 | D:5      | Killed Ijyb
  4665 | D:5      | Noticed Eustachio
  4675 | D:5      | Reached skill level 1 in Bows
  4702 | D:5      | Killed Eustachio
  4702 | D:5      | Reached skill level 2 in Bows
  4702 | D:5      | Reached skill level 1 in Evocations
  4911 | D:5      | Found a sparkling altar of Nemelex Xobeh.
  5063 | D:5      | Noticed Pikel
  5076 | D:5      | Killed Pikel
  5076 | D:5      | Reached skill level 5 in Fighting
  5076 | D:5      | Reached skill level 4 in Bows
  5118 | D:5      | Killed a two-headed ogre
  5118 | D:5      | Reached skill level 5 in Bows
  5118 | D:5      | Reached XP level 9. HP: 51/74 MP: 9/11
  5292 | D:5      | Reached skill level 6 in Bows
  5606 | D:5      | Found the +2 ratskin cloak {+Rats rPois rN+ Str-1 Int-1
                  | Dex+1}
  5879 | D:6      | Found a staircase to the Ecumenical Temple.
  5881 | D:6      | Found a burning altar of Makhleb.
  5888 | Temple   | Entered the Ecumenical Temple
  5931 | Temple   | Became a worshipper of Warmaster Okawaru
  5959 | D:6      | Got an ancient whip
  6020 | D:6      | Reached skill level 1 in Invocations
  6049 | D:6      | Reached skill level 7 in Bows
  6136 | D:6      | Found a stormy altar of Qazlal.
  6365 | D:6      | Found a sacrificial altar of Ru.
  6511 | D:6      | Found Omnenuc's General Store.
  6519 | D:6      | Bought a potion of heal wounds for 65 gold pieces
  6519 | D:6      | Bought a scroll of magic mapping for 45 gold pieces
  6645 | D:6      | Got a shimmering ring mail
  6656 | D:6      | Identified the +2 ring mail of Integrity {*Corrode rPois
                  | Int+4} (You found it on level 6 of the Dungeon)
  6775 | D:7      | Found a bloodstained altar of Trog.
  6941 | D:7      | Reached * piety under Okawaru
  6941 | D:7      | Reached skill level 5 in Dodging
  7201 | D:7      | Got a warped hand axe
  7202 | D:7      | Identified the +5 hand axe of the Eternal Void {drain,
                  | *Drain rF+ rN+ Dex+3} (You found it on level 7 of the
                  | Dungeon)
  7412 | D:8      | Noticed a two-headed ogre
  7420 | D:8      | Killed a two-headed ogre
  7420 | D:8      | Reached skill level 8 in Bows
  7420 | D:8      | Reached XP level 10. HP: 84/84 MP: 9/12
  7644 | D:8      | Reached ** piety under Okawaru
  7688 | D:8      | Found an ornate altar of the Wu Jian Council.
  7709 | D:8      | Noticed Erica
  7720 | D:8      | Killed Erica
  7770 | D:8      | Found Nilal's Antique Armour Shoppe.
  7915 | D:8      | Noticed Prince Ribbit
  7920 | D:8      | Killed Prince Ribbit
  8015 | D:9      | Found Mutoanli's Armour Shoppe.
  8036 | D:9      | Reached skill level 9 in Bows
  8060 | D:9      | Noticed Maurice
  8092 | D:9      | Killed Maurice
  8452 | D:9      | Reached *** piety under Okawaru
  8534 | D:9      | Found a hide-covered altar of Uskayaw.
  8539 | D:9      | Noticed a +0 dagger
  8546 | D:9      | Noticed a +0 hand axe
  8601 | D:9      | Found a staircase to the Lair.
  8636 | D:9      | Noticed a lindwurm
  8636 | D:9      | Noticed a lindwurm
  8653 | D:9      | Noticed a lindwurm
  8671 | D:9      | Killed a lindwurm
  8671 | D:9      | Reached skill level 5 in Armour
  8693 | D:9      | Killed a lindwurm
  8693 | D:9      | Reached skill level 10 in Bows
  8705 | D:9      | Killed a lindwurm
  8705 | D:9      | Reached XP level 11. HP: 92/92 MP: 14/14
  8714 | D:9      | Noticed a lindwurm
  8737 | D:9      | Killed a lindwurm
  8737 | D:9      | Reached **** piety under Okawaru
  9089 | D:9      | Received a gift from Okawaru
  9237 | D:10     | Entered Level 10 of the Dungeon
  9283 | D:10     | Killed an unseen horror
  9283 | D:10     | Reached skill level 5 in Evocations
  9403 | D:10     | Found Piuguoc's Book Emporium.
  9452 | D:10     | Received a gift from Okawaru
  9740 | D:10     | Reached skill level 5 in Invocations
  9785 | D:10     | Reached skill level 11 in Bows
 10079 | D:10     | Noticed a two-headed ogre
 10089 | D:10     | Killed a two-headed ogre
 10089 | D:10     | Received a gift from Okawaru
 10703 | D:10     | Gained mutation: You are resistant to hostile enchantments.
                  | (MR+) [potion of mutation]
 10703 | D:10     | Gained mutation: You expend magic power (3 MP) to
                  | strengthen your wands. [potion of mutation]
 10892 | D:11     | Noticed Grum
 10921 | D:11     | Found Ighoco's Antique Armour Shop.
 10922 | D:11     | Received a gift from Okawaru
 10932 | D:11     | Killed Grum
 10939 | D:11     | Noticed Harold
 10952 | D:11     | Reached skill level 12 in Bows
 10987 | D:11     | Killed Harold
 10987 | D:11     | Reached ***** piety under Okawaru
 11285 | D:11     | Found Kuklon's Jewellery Shop.
 11523 | D:11     | Found Qisuuwn's General Store.
 11657 | D:11     | Noticed a two-headed ogre
 11666 | D:11     | Killed a two-headed ogre
 11666 | D:11     | Received a gift from Okawaru
 11666 | D:11     | Reached XP level 12. HP: 80/102 MP: 16/16
 11973 | D:11     | Noticed Urug
 11981 | D:11     | Killed Urug
 12112 | D:12     | Noticed an eight-headed hydra
 12134 | D:12     | Killed an eight-headed hydra
 12314 | D:12     | Noticed a two-headed ogre
 12324 | D:12     | Killed a two-headed ogre
 12519 | D:12     | Reached skill level 13 in Bows
 12607 | D:12     | Received a gift from Okawaru
 12736 | D:12     | Found a staircase to the Orcish Mines.
 12753 | Orc:1    | Entered Level 1 of the Orcish Mines
 12753 | Orc:1    | Noticed Josephine
 12753 | Orc:1    | Noticed an orc warlord
 12908 | D:12     | Noticed a four-headed hydra
 12944 | D:12     | Killed a four-headed hydra
 13167 | D:12     | Noticed an eight-headed hydra
 13183 | D:12     | Killed an eight-headed hydra
 13342 | D:11     | Bought a scroll of acquirement for 676 gold pieces
 13419 | Lair:1   | Entered Level 1 of the Lair of Beasts
 13497 | Lair:1   | Noticed a six-headed hydra
 13501 | Lair:1   | Killed a six-headed hydra
 13501 | Lair:1   | Reached skill level 14 in Bows
 13588 | Lair:1   | Noticed a seven-headed hydra
 13592 | Lair:1   | Killed a seven-headed hydra
 13809 | Lair:1   | Noticed an eight-headed hydra
 13818 | Lair:1   | Killed an eight-headed hydra
 13818 | Lair:1   | Received a gift from Okawaru
 13818 | Lair:1   | Reached XP level 13. HP: 82/111 MP: 18/18
 13822 | Lair:1   | Got a polished longbow {god gift}
 13823 | Lair:1   | Identified the +7 longbow of Fee Simple {freeze, rC+ Str+4}
                  | (Okawaru gifted it to you on level 1 of the Lair of Beasts)
 14706 | Lair:2   | Found a sacrificial altar of Ru.
 15238 | Lair:3   | You fall into a shaft and drop 3 floors!
 15238 | Lair:6   | Entered Level 6 of the Lair of Beasts
 15245 | Lair:6   | Received a gift from Okawaru
 15253 | Lair:6   | Reached skill level 15 in Bows
 15269 | Lair:6   | Received a gift from Okawaru
 15295 | Lair:6   | Reached skill level 10 in Fighting
 15988 | Lair:6   | Found a viscous altar of Jiyva.
 15988 | Lair:6   | Found a staircase to the Slime Pits.
 16122 | Lair:5   | Found a gate leading to a gauntlet.
 16143 | Lair:5   | Reached skill level 16 in Bows
 16161 | Gauntlet | Entered a Gauntlet
 16161 | Gauntlet | Found a transporter.
 16161 | Gauntlet | Found a transporter.
 16212 | Gauntlet | Found a transporter.
 16212 | Gauntlet | Found a transporter.
 16223 | Gauntlet | Found a transporter.
 16229 | Gauntlet | Noticed a green death
 16230 | Gauntlet | Found a transporter.
 16231 | Gauntlet | Noticed a dire elephant
 16240 | Gauntlet | Found a transporter.
 16240 | Gauntlet | Found a transporter.
 16264 | Gauntlet | Found a transporter.
 16273 | Gauntlet | Found a transporter.
 16273 | Gauntlet | Found a large runed translucent door.
 16287 | Gauntlet | Found a transporter.
 16305 | Gauntlet | Found a transporter.
 16309 | Gauntlet | Found a large runed translucent door.
 16345 | Gauntlet | Found a transporter.
 16347 | Gauntlet | Found a large runed translucent door.
 16347 | Gauntlet | Found a large runed translucent door.
 16348 | Gauntlet | Found a large runed translucent door.
 16348 | Gauntlet | Found a large runed translucent door.
 16349 | Gauntlet | Found a large runed translucent door.
 16349 | Gauntlet | Found a runed translucent door.
 16349 | Gauntlet | Found a runed translucent door.
 16349 | Gauntlet | Found a large runed translucent door.
 16349 | Gauntlet | Found a large runed translucent door.
 16350 | Gauntlet | Found a large runed translucent door.
 16350 | Gauntlet | Found a large runed translucent door.
 16353 | Gauntlet | Found a large runed translucent door.
 16353 | Gauntlet | Found a large runed translucent door.
 16355 | Gauntlet | Found a large runed translucent door.
 16355 | Gauntlet | Found a large runed translucent door.
 16355 | Gauntlet | Found a large runed translucent door.
 16357 | Gauntlet | Found a runed translucent gate.
 16357 | Gauntlet | Found a runed translucent gate.
 16357 | Gauntlet | Found a runed translucent gate.
 16359 | Gauntlet | Found a transporter.
 16461 | Gauntlet | Found a transporter.
 16477 | Gauntlet | Found a transporter.
 16477 | Gauntlet | Noticed a dire elephant
 16623 | Gauntlet | Reached XP level 14. HP: 94/122 MP: 7/20
 16777 | Gauntlet | Got a faintly glowing amethyst amulet
 16869 | Gauntlet | Identified the Disquisition on the Unholy Snowflakes
 17253 | Lair:5   | Received a gift from Okawaru
 17707 | Lair:4   | Found a dark tunnel.
 17715 | Volcano  | Entered a volcano
 17925 | Lair:4   | Reached ****** piety under Okawaru
 17986 | Lair:4   | Found a staircase to the Snake Pit.
 18002 | Lair:4   | Received a gift from Okawaru
 18094 | Lair:4   | Noticed Kirke
 18211 | Lair:4   | Noticed Nessos
 18218 | Lair:4   | Killed Nessos
 18317 | Lair:4   | Reached skill level 17 in Bows
 18443 | Lair:4   | Received a gift from Okawaru
 18491 | Lair:4   | Killed Kirke
 18771 | Lair:4   | Noticed Sonja
 18774 | Lair:4   | Killed Sonja
 18956 | Lair:4   | Found a staircase to the Swamp.
 19074 | Lair:3   | Received a gift from Okawaru
 19411 | Lair:3   | Received a gift from Okawaru
 19464 | Lair:3   | Found a shimmering altar of Xom.
 20689 | D:13     | Noticed Joseph
 20693 | D:13     | Killed Joseph
 20859 | D:13     | Noticed Jorgrun
 20880 | D:13     | Killed Jorgrun
 21056 | D:13     | Identified the amulet of Yrola {RegenMP *Drain rPois Dex+4
                  | SInv} (You found it in a Gauntlet)
 21091 | D:14     | Found a gate to the Vaults.
 21091 | D:14     | Noticed Rupert
 21129 | D:14     | Noticed Ukogguipp's ghost (journeyman DDFi)
 21129 | D:14     | Noticed a frost giant
 21130 | D:14     | Noticed Agnes
 21145 | D:14     | Killed Agnes
 21145 | D:14     | Reached skill level 18 in Bows
 21146 | D:14     | Noticed a stone giant
 21183 | D:14     | Reached XP level 15. HP: 129/130 MP: 19/21
 21194 | D:14     | Found a runed translucent gate.
 21194 | D:14     | Found a runed translucent gate.
 21194 | D:14     | Found a runed translucent gate.
 21237 | D:14     | Received a gift from Okawaru
 21351 | D:14     | Killed Rupert
 21579 | D:14     | Identified the +1 helmet of the Zebra {rF+++ MR- Slay-3
                  | Stlth+} (You acquired it on level 14 of the Dungeon)
 21654 | D:11     | Bought bloodstained quicksilver dragon scales for 1885 gold
                  | pieces
 21664 | D:11     | Identified the quicksilver dragon scales of the Hidden Vale
                  | {MR+ Str+4} (You bought it in a shop on level 11 of the
                  | Dungeon)
 22322 | D:15     | Entered Level 15 of the Dungeon
 22417 | D:15     | Found a staircase to the Depths.
 22659 | D:15     | Reached skill level 19 in Bows
 22999 | D:15     | Received a gift from Okawaru
 23515 | Swamp:1  | Entered Level 1 of the Swamp
 23523 | Swamp:1  | Received a gift from Okawaru
 23663 | Swamp:4  | Entered Level 4 of the Swamp
 23843 | Swamp:4  | Received a gift from Okawaru
 23869 | Swamp:4  | Reached skill level 10 in Dodging
 23876 | Swamp:4  | Reached XP level 16. HP: 141/141 MP: 19/22
 23890 | Swamp:4  | Received a gift from Okawaru
 23926 | Swamp:4  | Noticed a thorn hunter
 23935 | Swamp:4  | Killed a thorn hunter
 24010 | Swamp:4  | Got a decaying rune of Zot
 24197 | Snake:1  | Entered Level 1 of the Snake Pit
 24345 | Snake:2  | Reached skill level 20 in Bows
 24454 | Snake:2  | Received a gift from Okawaru
 24691 | Snake:2  | Received a gift from Okawaru
 24691 | Snake:2  | Reached skill level 10 in Armour
 24812 | Snake:2  | You fall into a shaft and drop 1 floor!
 24876 | Snake:2  | Identified the +1 pair of gloves "Ororip" {rC+} (You
                  | acquired it on level 2 of the Snake Pit)
 24876 | Snake:2  | Identified the ring "Ilipirad" {rElec rPois MR++ Dex-2
                  | SInv} (You acquired it on level 2 of the Snake Pit)
 25453 | Snake:3  | Received a gift from Okawaru
 25626 | Snake:3  | Found a snail-covered altar of Cheibriados.
 25688 | Snake:3  | Received a gift from Okawaru
 25819 | Snake:4  | Entered Level 4 of the Snake Pit
 25910 | Snake:4  | Received a gift from Okawaru
 26282 | Snake:4  | Reached XP level 17. HP: 133/152 MP: 23/23
 26285 | Snake:4  | Received a gift from Okawaru
 26288 | Snake:4  | Reached skill level 21 in Bows
 26342 | Snake:4  | Received a gift from Okawaru
 26590 | Snake:4  | Received a gift from Okawaru
 27030 | Snake:4  | Got a serpentine rune of Zot
 27265 | Slime:1  | Entered Level 1 of the Pits of Slime
 27373 | Slime:1  | Received a gift from Okawaru
 27388 | Slime:1  | Noticed an acid blob
 27397 | Slime:1  | Killed an acid blob
 27566 | Slime:2  | Noticed an acid blob
 27800 | Slime:1  | You fall into a shaft and drop 1 floor!
 27805 | Slime:2  | Noticed an acid blob
 27871 | Slime:2  | Noticed an acid blob
 27873 | Slime:2  | Killed an acid blob
 27873 | Slime:2  | Reached skill level 15 in Fighting
 27961 | Slime:3  | Received a gift from Okawaru
 28090 | Slime:4  | Noticed an acid blob
 28094 | Slime:4  | Killed an acid blob
 28101 | Slime:4  | Noticed an acid blob
 28110 | Slime:4  | Killed an acid blob
 28110 | Slime:4  | Received a gift from Okawaru
 28110 | Slime:4  | Reached skill level 22 in Bows
 28216 | Slime:5  | Entered Level 5 of the Pits of Slime
 28216 | Slime:5  | Noticed an acid blob
 28226 | Slime:5  | Killed an acid blob
 28254 | Slime:5  | Noticed an acid blob
 28258 | Slime:5  | Killed an acid blob
 28300 | Slime:5  | Noticed an acid blob
 28305 | Slime:5  | Killed an acid blob
 28338 | Slime:5  | Noticed an acid blob
 28348 | Slime:5  | Killed an acid blob
 28348 | Slime:5  | Received a gift from Okawaru
 28348 | Slime:5  | Reached XP level 18. HP: 121/163 MP: 24/24
 28436 | Slime:5  | Gained mutation: Scrolls take you a little longer to read.
                  | [a shining eye]
 28510 | Slime:5  | Found a viscous altar of Jiyva.
 28511 | Slime:5  | Noticed the Royal Jelly
 28512 | Slime:5  | Found the +10 tower shield of Ignorance {rN+ Int-4}
 28576 | Slime:5  | Killed the Royal Jelly
 28576 | Slime:5  | Received a gift from Okawaru
 28910 | Slime:5  | Got a coiled silver ring
 28913 | Slime:5  | Identified the ring "Niocued" {Ice +Inv Str+2 Int+2} (You
                  | found it on level 5 of the Pits of Slime)
 28950 | Slime:5  | Identified the cursed +0 broad axe of the Magi {vorpal,
                  | Int+4 Dex+3} (You found it on level 5 of the Pits of Slime)
 28983 | Slime:5  | Identified Ruski's Volume of the Escort
 28985 | Slime:5  | Got a slimy rune of Zot
 29304 | Depths:1 | Entered Level 1 of the Depths
 29342 | Depths:1 | Noticed Mara
 29445 | Depths:1 | Noticed EnegeticOcto's illusion
 29598 | Depths:1 | Received a gift from Okawaru
 29624 | Depths:1 | Killed Mara
 29768 | Depths:2 | Noticed the Enchantress
 29770 | Depths:2 | Received a gift from Okawaru
 29780 | Depths:2 | Noticed a caustic shrike
 29801 | Depths:1 | HP: 1/168 [suicidal targeting (79)]
 29801 | Depths:1 | Shot themself with an arrow

Levels and vault maps discovered:
D:1:      saegor_arrival_simple_b, layout_basic, minmay_fountain_box
D:2:      layout_loops_corners
D:3:      layout_loops_ring, lemuel_coloured_pillars_altar, first_ration,
          uniq_natasha
D:4:      layout_gridville, hangedman_decor_opposing, lemuel_angel_altar
D:5:      wander_guarded_unrand_ratskin, layout_loops_ring, old_standard_altar,
          gup_sewer_entry_bowl, uniq_menkaure, uniq_pikel, uniq_eustachio,
          uniq_ijyb
D:6:      layout_basic, bloody_makhleb, gammafunk_temple_overflow_statue,
          minmay_temple_entry_trees, serial_shops, shop
D:7:      layout_loops_cross, bloody_trog
D:8:      layout_loops_cross, overflow_temple_1_default, serial_shops,
          nicolae_shop_window_shopping, uniq_erica, uniq_prince_ribbit1
D:9:      layout_irregular_city, dancing_weapons_uskayaw, lair_entry_dummy,
          serial_shops, shop, minmay_lindwurm_lava, uniq_maurice
D:10:     layout_irregular_city, serial_shops, nicolae_shop_crystal,
          blue_anna_alchemist [blue_anna_fruit_fields, blue_anna_fruit_fields],
          minivault_22
D:11:     layout_irregular_city, serial_shops, shop, shop,
          nicolae_shop_window_shopping, uniq_urug, uniq_grum, uniq_harold
D:12:     layout_roguey, david_orc_4
D:13:     layout_roguey, minivault_19, minmay_sticks_and_stones, uniq_jorgrun
D:14:     layout_roguey, david_vaults_3, gammafunk_ghost_split, uniq_agnes
D:15:     gammafunk_depths_entry_grave, layout_irregular_city, moated_statue
Temple:   jpeg_temple_clearing
Lair:1:   layout_regular_city, minmay_lair_oklob_chamber
Lair:2:   layout_hall_layers, basic_altar, infiniplex_staircase_pool_2,
          grunt_megastairs_2
Lair:3:   layout_cave_pods, kb_xom_exploding_sheep
Lair:4:   layout_regular_city, nicolae_swamp_entry_splash_gauntlet,
          minmay_snake_entry_six_corridors, enter_volcano_2, uniq_sonja,
          uniq_nessos, uniq_kirke
Lair:5:   layout_roguey, gauntlet_entry_generic, serial_bayou_shore_a
Lair:6:   evilmike_catoblepas_cave, layout_misc_corridors,
          dpeg_slime_entry_enclosed_altar, minivault_23
Swamp:1:  layout_falls_marsh, evilmike_swamp_ruin_house_1
Swamp:2:  layout_falls_marsh, nicolae_swamp_dense_foliage, swamp_pool5
Swamp:3:  layout_basic_swamp, evilmike_swamp_ruin_rubble_1, uniq_bai_suzhen,
          uniq_roxanne
Swamp:4:  swamp_alternative, layout_basic_swamp, swamp_pool3,
          infiniplex_staircase_pool
Snake:1:  layout_gridlike, portal_ice_cave_entry_ice_statue_one, serial_shops,
          shop, uniq_aizul
Snake:2:  layout_onion_interference, grunt_ministairs_4
Snake:3:  layout_gridlike, basic_altar
Snake:4:  snake_pit, layout_misc_corridors
Slime:1:  layout_caves
Slime:2:  layout_caves
Slime:3:  layout_caves
Slime:4:  layout_caves, nicolae_slime_phagocytosis
Slime:5
Orc:1:    layout_diamond_mine, sword_in_stone, uniq_nergalle, uniq_erolcha,
          uniq_josephine
Depths:1: layout_forbidden_donut, pf_vacation_house_of_asmodeus,
          kennysheep_minor_cross, hangedman_decor_clover_reticule, minivault_10,
          hangedman_stitches_earthworm, minmay_shop_grove, uniq_mara
Depths:2: grunt_x_marks_the_spot, layout_gridlike, enter_ziggurat_f,
          serial_curves, eino_curves_04, eino_curves_04, hell_entry,
          minmay_misc_feat_room, rand_demon_pan_entry_4,
          chequers_serial_rivers_large_a, minmay_crystal_room, hex_medium,
          argonaut_fire_from_heaven, uniq_enchantress

Skill      XL: |  1  2  3  4  5  6  7  8  9 10 11 12 13 14 15 16 17 18 |
---------------+-------------------------------------------------------+-----
Axes           | 3 4 5 6 |  6.2
Armour         | 1 2 3 4 5 6 7 8 9 10 11 | 11.5
Fighting       | 3 4 5 6 7 8 9 10 11 12 14 15 16 | 16.6
Dodging        | 3 4 5 6 7 8 9 10 11 | 11.8
Bows           | 5 8 10 12 14 16 18 19 20 22 | 22.0
Evocations     | 2 3 4 5 |  5.0
Invocations    | 2 4 6 7 9 |  9.0
Throwing       | |  2.1

Action                   |  1- 3 |  4- 6 |  7- 9 | 10-12 | 13-15 | 16-18 || total
-------------------------+-------+-------+-------+-------+-------+-------++-------
Melee: War axe           |    84 |   106 |   330 |     4 |       |       ||   524
       Kick              |    20 |    26 |    87 |    44 |       |       ||   177
       Hand axe          |       |       |     9 |   147 |       |       ||   156
       Punch             |       |       |       |     3 |       |       ||     3
       Shortbow          |       |       |       |     1 |       |       ||     1
 Fire: Shortbow          |       |       |    97 |   902 |       |       ||   999
       Longbow           |       |       |       |    47 |  1059 |  1066 ||  2172
Throw: Throwing net      |       |       |     2 |       |       |       ||     2
Invok: Heroism           |       |       |     1 |     9 |    14 |    15 ||    39
       Finesse           |       |       |       |       |    13 |    12 ||    25
Evoke: Wand              |       |       |     3 |     3 |     4 |     1 ||    11
       Lamp of fire      |       |       |       |       |       |     1 ||     1
  Use: Scroll            |       |    11 |     8 |     5 |     9 |     9 ||    42
       Potion            |       |     1 |     1 |     3 |       |     4 ||     9
 Stab: Held in net/web   |       |       |     1 |       |       |       ||     1
       Confused          |       |       |     1 |       |       |       ||     1
  Eat: Chunk             |     1 |     5 |    11 |    16 |    14 |     1 ||    48
       Ration            |       |       |       |       |     3 |     6 ||     9
Armor: Leather armour    |    44 |     2 |       |       |       |       ||    46
       Plate armour      |       |    53 |   287 |   321 |   152 |       ||   813
       Ring mail         |       |     5 |       |       |       |       ||     5
       Quicksilver drago |       |       |       |       |    56 |   232 ||   288
Dodge: Dodged            |    48 |    26 |   105 |   145 |    96 |   122 ||   542

Table legend:
 A = Non-vault XP
 B = Vault XP
 C = Vault XP percentage of total XP
 D = Non-vault monster count
 E = Vault monster count
 F = Vault count percentage of total count
                 A         B        C        D         E       F
            +---------+---------+-------+---------+---------+-------
      Total |  203062 |  139313 |  40.7 |     739 |     282 |  27.6
            +---------+---------+-------+---------+---------+-------
        D:1 |      30 |       0 |   0.0 |      18 |       0 |   0.0
        D:2 |      80 |       0 |   0.0 |      22 |       0 |   0.0
        D:3 |     108 |      35 |  24.5 |      13 |       1 |   7.1
        D:4 |     625 |       0 |   0.0 |      26 |       0 |   0.0
        D:5 |    1471 |    1124 |  43.3 |      16 |      29 |  64.4
        D:6 |     925 |       0 |   0.0 |      21 |       0 |   0.0
        D:7 |     467 |       0 |   0.0 |      12 |       0 |   0.0
        D:8 |    1626 |     876 |  35.0 |      27 |       2 |   6.9
        D:9 |    1674 |    2933 |  63.7 |      25 |       5 |  16.7
       D:10 |    5180 |     100 |   1.9 |      59 |       1 |   1.7
       D:11 |    3638 |    2497 |  40.7 |      47 |       7 |  13.0
       D:12 |    9041 |     995 |   9.9 |      32 |      17 |  34.7
       D:13 |    4942 |    3410 |  40.8 |      20 |       2 |   9.1
       D:14 |   11034 |   10808 |  49.5 |      35 |      21 |  37.5
       D:15 |   11280 |    4298 |  27.6 |      25 |       9 |  26.5
     Lair:1 |    5826 |       0 |   0.0 |      15 |       0 |   0.0
     Lair:2 |    5252 |       0 |   0.0 |       9 |       0 |   0.0
     Lair:3 |    6829 |       0 |   0.0 |      25 |       0 |   0.0
     Lair:4 |    4861 |    7024 |  59.1 |      19 |      22 |  53.7
     Lair:5 |    6406 |       0 |   0.0 |      29 |       0 |   0.0
     Lair:6 |   14239 |     526 |   3.6 |      44 |       1 |   2.2
    Swamp:1 |    1468 |       0 |   0.0 |       3 |       0 |   0.0
    Swamp:2 |     673 |       0 |   0.0 |       4 |       0 |   0.0
    Swamp:3 |    2542 |       0 |   0.0 |       5 |       0 |   0.0
    Swamp:4 |    8002 |   19274 |  70.7 |      16 |      28 |  63.6
    Snake:1 |     800 |       0 |   0.0 |       1 |       0 |   0.0
    Snake:2 |   15162 |    1545 |   9.2 |      28 |       6 |  17.6
    Snake:3 |    9715 |       0 |   0.0 |      20 |       0 |   0.0
    Snake:4 |   21966 |   30262 |  57.9 |      44 |      45 |  50.6
    Slime:1 |    9765 |       0 |   0.0 |      18 |       0 |   0.0
    Slime:2 |   12670 |       0 |   0.0 |      29 |       0 |   0.0
    Slime:3 |    5962 |       0 |   0.0 |      10 |       0 |   0.0
    Slime:4 |    8031 |       0 |   0.0 |       8 |       0 |   0.0
    Slime:5 |    5771 |   30786 |  84.2 |       7 |      11 |  61.1
   Depths:1 |    3943 |   10017 |  71.8 |       6 |      10 |  62.5
   Depths:2 |    1058 |    5412 |  83.6 |       1 |       4 |  80.0
      Sewer |       0 |     311 | 100.0 |       0 |      48 | 100.0
    Volcano |       0 |    3527 | 100.0 |       0 |       9 | 100.0
   Gauntlet |       0 |    3553 | 100.0 |       0 |       4 | 100.0
            +---------+---------+-------+---------+---------+-------
